 BcadrenCrawl: Boulder Brew version 0.05.31-22-geda828027a (webtiles) character file.

Game seed: 2277831965986626907, levelgen mode: deterministic

1838 diana the Grappler (level 8, 0/60 HPs) Oozomorph Gladiator. Began on Oct 1, 2021. Slain by an orc warrior ... wielding a cursed +1 hatchet of electrocution {(Curse: Fragile rF-)} (10 damage) ... on level 4 of the Dungeon. The game lasted 00:10:57 (4780 turns).

diana the Grappler (Oozomorph Gladiator)            Turns: 4780, Time: 00:10:57

Health: 0/60       AC: 11    Str: 17    XL:     8 ^: 172
Magic:  3/3        EV:  9    Int:  9    God:
Gold:   229        SH:  0    Dex: 14    Spells: 7/7 levels left

rFire    . . .     Vision   .     - Unarmed
rCold    . . .     Gourm    .     - Unarmed
rNeg     . . .     Faith    .   a - +0 leather armour
rCorr    + + +     Spirit   .   j - +0 robe
rPois    .         Reflect  .   s - +2 pair of gloves
rElec    .         Harm     .   m - +0 leather armour
MR       +++..                  p - +0 spear (antimagic)
Stlth    +.........             (no amulet)
HPRegen  0.30/turn              (no ring)
MPRegen  0.13/turn              (no ring)

@: studying Whips & Flails
A: cytoplasmic subsumption, amorphous body, gelatinous body 1
a: Subsume Item, Eject Item


You were on level 4 of the Dungeon.
You were near starving.

You visited 1 branch of the dungeon, and saw 4 of its levels.

You collected 229 gold pieces.

Inventory:

Weapons
 l - a +0 club of freezing
 p - a +0 antimagic spear (subsumed)
Armour
 a - a +0 leather armour (worn)
 j - a +0 robe (worn)
 m - a +0 leather armour (worn)
 s - a +2 pair of gloves (worn)
Wands
 c - a wand of ensnaring (9)
Scrolls
 g - a scroll of bless item
 n - a scroll of enchantment
 o - a scroll of summoning
 r - a scroll of magic mapping
Potions
 e - 2 potions of haste
 f - a potion of curing
 h - a potion of cure mutation
 i - 2 potions of brilliance
 k - a potion of heal wounds
 q - 2 potions of resistance
Comestibles
 d - 9 rations


   Skills:
 + Level 7.5 Fighting
 - Level 2.4 Dodging
 * Level 9.9 Unarmed Combat
 - Level 2.0 Evocations


You had 7 spell levels left.
You didn't know any spells.
Your spell library was empty.

Dungeon Overview and Level Annotations

Branches:
Dungeon (4/8)
 Temple: D:4

Altars:


Innate Abilities, Weirdness & Mutations

You may subsume any weapon, armour, or jewellery into your cytoplasm to benefit from its magical properties.
Your body is completely amorphous, allowing you to wear any combination of armour.
You have seven amorphous slots; replacing the normal gear slots.
Body armours and bardings take two slots, all other armours take one.
Your gelatinous form is immune to acid, constriction and sticky flames. (rCorr+, Slime)


Message History

You hit the orc warrior but do no damage. x2
The orc warrior is heavily wounded. (12/29) HP The bullfrog hits you (4).
The orc warrior blocks your attack.
You hit the orc warrior (3).
The orc warrior is severely wounded. (9/29) HP The orc warrior hits you with a cursed +1 hatchet of electrocution {(Curse: Fragile rF-)} (15)!
* * * LOW HITPOINT WARNING * * *
You are shocked (5).
* * * LOW HITPOINT WARNING * * *
You hit the orc warrior but do no damage. x2
The orc warrior is severely wounded. (9/29) HP The bullfrog closely misses you (0).
You hit the orc warrior (2).
You hit the orc warrior but do no damage.
The orc warrior is severely wounded. (7/29) HP The bullfrog hits you but does no damage.
You hit the orc warrior but do no damage. x2
The orc warrior is severely wounded. (7/29) HP The orc warrior hits you with a cursed +1 hatchet of electrocution {(Curse: Fragile rF-)} (10)!
You die...

##...#......#.....# ##..
#.......##........#.....
##.....##...............
####....o...#...#..†.......
##..........##...##.........
#...........................
#..?....###....###.........#
#......†..###F.# #.........#
##..####[.# #@.# #..........
#.# ##o..#o..#........... ##
..o##.###.......... ...F..#
....... ..#...## ....... ..#
...


You could see an orc warrior, a bullfrog and an orc wizard.

Vanquished Creatures
  A water moccasin (D:2)
  A scorpion (D:3)
  A crocodile (D:2)
  2 big kobolds
  A meliai zombie (D:4)
  A crimson imp (D:4)
  2 orc priests (D:3)
  A hound (D:3)
  8 jellies (D:2)
  5 worker ants
  9 giant cockroaches
  An iron imp (D:3)
  A bullfrog zombie (D:4)
  2 bullfrog skeletons
  3 adders
  61 sewer rats
  2 worms
  8 cinder newts
  A hound skeleton (D:3)
  5 oozes
  2 dart slugs (D:1)
  2 leopard geckos
  3 orcs
  5 adder skeletons (D:2)
  4 ball pythons
  8 goblins (D:1)
  5 hobgoblins (D:1)
  A quokka (D:3)
  6 bats
  A bat skeleton (D:2)
  7 kobolds
  An orc skeleton (D:2)
  4 rats
  3 withered plants (D:2)
168 creatures vanquished.

Vanquished Creatures (others)
  2 slimeheads (D:2)
  71 withered plants (D:2)
73 creatures vanquished.

Grand Total: 241 creatures vanquished

Notes
Turn   | Place    | Note
-------+----------+-------------------------------------------
     0 | D:1      | diana the Oozomorph Gladiator began the quest for the Orb.
     0 | D:1      | Reached XP level 1. HP: 14/14 MP: 2/2
    24 | D:1      | Reached XP level 2. HP: 20/20 MP: 3/3
   118 | D:1      | Reached skill level 4 in Unarmed Combat
   118 | D:1      | Reached XP level 3. HP: 26/26 MP: 4/4
   353 | D:1      | Reached XP level 4. HP: 28/31 MP: 5/5
   861 | D:2      | Reached skill level 5 in Unarmed Combat
   861 | D:2      | Reached XP level 5. HP: 37/37 MP: 6/6
  1187 | D:2      | Reached XP level 6. HP: 40/44 MP: 7/7
  1242 | D:2      | Reached skill level 6 in Unarmed Combat
  1627 | D:2      | Reached skill level 5 in Fighting
  1710 | D:2      | Reached XP level 7. HP: 33/50 MP: 8/8
  1864 | D:2      | Reached skill level 7 in Unarmed Combat
  2417 | D:2      | Reached skill level 8 in Unarmed Combat
  2513 | D:2      | Reached XP level 8. HP: 24/57 MP: 9/9
  3594 | D:2      | Reached skill level 9 in Unarmed Combat
  4780 | D:4      | Slain by an orc warrior

Levels and vault maps discovered:
D:1:      matt_arrival_spirals, layout_loops_ring, portal_sewer_entry_d
D:2:      layout_sewer, first_ration
D:3:      layout_basic
D:4:      layout_cave_pools, minmay_temple_entry_mist

Skill      XL: |  1  2  3  4  5  6  7  8 |
---------------+-------------------------+-----
Fighting       | 3 4 5 6 7 |  7.5
Unarmed Combat | 4 5 6 8 9 |  9.9
Dodging        | |  2.4
Evocations     | |  2.0

Action                   |  1- 3 |  4- 6 |  7- 9 || total
-------------------------+-------+-------+-------++-------
Melee: Unarmed           |    79 |   613 |   758 ||  1450
 Abil: Subsume Item      |       |       |     2 ||     2
  Use: Potion            |       |       |     1 ||     1
 Stab: Sleeping          |       |       |     2 ||     2
  Eat: Chunk             |       |     3 |    11 ||    14
Armor: Skin              |     4 |    57 |   104 ||   165
Dodge: Dodged            |    16 |   160 |   179 ||   355
